 Dungeon Crawl Stone Soup version 0.27.1-34-g3ba077fa99 (webtiles) character file.

Game seed: 6877051426537689279

4933 cbfl8 the Protected (level 10, 0/84 HPs)
             Began as a Minotaur Delver on Jan 16, 2022.
             Was a Believer of Yredelemnul.
             Killed by nerve-wracking pain
             ... invoked by an orc priest
              (11 damage)
             ... on level 8 of the Dungeon.
             The game lasted 00:44:10 (12041 turns).

cbfl8 the Protected (Minotaur Delver)              Turns: 12041, Time: 00:44:11

Health: 0/84       AC: 18    Str: 23      XL:     10   Next: 27%
Magic:  0/12       EV:  9    Int:  9 (10) God:    Yredelemnul [**....]
Gold:   540        SH:  0    Dex: 11 (12) Spells: 6/9 levels left

rFire    . . .     SeeInvis .   W - +3 battleaxe
rCold    . . .     Faith    .   (shield currently unavailable)
rNeg     . . .     Spirit   +   n - +0 chain mail
rPois    .         Reflect  .   X - +2 hat
rElec    .         Harm     .   r - +0 cloak
rCorr    .         Rampage  .   (no gloves)
Will     .....                  E - +2 pair of boots
Stlth    ..........             Q - amulet of guardian spirit
HPRegen  0.24/turn              o - ring of flight
MPRegen  0.13/turn              K - +6 ring of strength

@: marked, flying
A: horns 2, retaliatory headbutt
a: Renounce Religion, Animate Remains, Recall Undead Slaves, Injury Mirror


You were on level 8 of the Dungeon.
You worshipped Yredelemnul.
Yredelemnul was pleased with you.
You visited 2 branches of the dungeon, and saw 9 of its levels.

You collected 540 gold pieces.

Inventory:

Hand Weapons
 a - a +0 hand axe
 m - a +4 dagger
 t - a +0 dagger of venom
 v - a +3 falchion
 C - a +0 trident of venom
 I - a +1 whip of flaming
 L - a +0 scythe of venom
 U - a +1 vorpal quarterstaff
 W - a +3 battleaxe (weapon)
Missiles
 G - 62 bolts
 P - 3 throwing nets
Armour
 b - a +0 leather armour
 n - a +0 chain mail (worn)
 r - a +0 cloak (worn)
 x - a +0 tower shield
 D - a +0 troll leather armour {Purgy}
 E - a +2 pair of boots (worn)
 M - a +2 robe of positive energy
 O - a +0 pair of gloves
 V - a +1 ring mail of poison resistance
 X - a +2 hat (worn)
Magical Staves
 Y - a staff of air
Jewellery
 h - an amulet of regeneration
 o - a ring of flight (left hand)
 K - a +6 ring of strength (right hand)
 Q - an amulet of guardian spirit (around neck)
 R - an amulet of faith
 S - a ring of see invisible
 T - a +4 ring of protection
Wands
 g - a wand of digging (3)
 s - a wand of iceblast (2) (quivered)
 F - a wand of flame (7)
Scrolls
 c - a scroll of fog
 d - a scroll of magic mapping
 e - a scroll of fear
 i - 3 scrolls of amnesia
 j - a scroll of enchant armour {unknown}
 k - a scroll of vulnerability {unknown}
 p - 2 scrolls of blinking {unknown}
 q - 3 scrolls of enchant weapon {unknown}
 u - a scroll of immolation
 y - a scroll of acquirement {unknown}
 z - 4 scrolls of identify
 A - a scroll of silence {unknown}
 N - a scroll of noise
Potions
 f - 2 potions of haste
 J - a potion of brilliance {unknown}


   Skills:
 + Level 6.3 Fighting
 + Level 3.4 Short Blades
 + Level 4.7(6.0) Axes
 + Level 5.7(6.5) Maces & Flails
 + Level 9.4 Armour
 + Level 4.2 Dodging
 + Level 5.0 Stealth
 + Level 8.7 Shields
 + Level 4.5 Invocations
 + Level 1.1 Evocations


You had 6 spell levels left.
You knew the following spells:

 Your Spells              Type           Power      Damage    Failure   Level
a - Vampiric Draining     Necr           0%         2d6       100%        3

Your spell library contained the following spells:

 Spells                   Type           Power      Damage    Failure   Level
 Animate Skeleton         Necr           0%         N/A       93%         1
 Pain                     Necr           0%         1d4       93%         1
 Slow                     Hex            0%         N/A       98%         2
 Confusing Touch          Hex            0%         N/A       100%        3
 Ozocubu's Armour         Ice            0%         N/A       100%        3
 Yara's Violent Unravell  Hex/Tmut       0%         3d3       100%        5
 Ozocubu's Refrigeration  Ice            0%         4d5       100%        7


Dungeon Overview and Level Annotations

Branches:
Dungeon (8/15)             Temple (1/1) D:5
   Lair: D:8-11

Altars:
Ashenzari
Dithmenos
Elyvilon
Fedhas
Gozag
Hepliaklqana
Kikubaaqudgha
Makhleb
Nemelex Xobeh
Okawaru
Ru
Sif Muna
Trog
Uskayaw
Vehumet
Wu Jian
Yredelemnul
Zin
The Shining One

Shops:
D:7 =

Annotations:
D:8 Maggie


Innate Abilities, Weirdness & Mutations

You have a pair of horns on your head.
You reflexively headbutt those who attack you in melee.


Message History

You completely miss Harold.
Harold is heavily wounded.
Harold gestures at you while chanting. The mark upon you grows brighter.
Unknown command.
You slash Harold!
Harold is severely wounded.
Harold hits you with a +0 trident!
* * * LOW HITPOINT WARNING * * *
Harold hits you but does no damage.
Unknown command.
You slash Harold! Your headbutt misses Harold.
Harold is almost dead.
Harold hits you with a +0 trident!
* * * LOW HITPOINT WARNING * * *
The centaur unwields a +0 dagger.
The centaur wields a +0 shortbow.
The centaur shoots an arrow.
The arrow completely misses you.
You slice Harold!!
You kill Harold!
Yredelemnul accepts your kill.
Harold looks down at his mortal wounds and cries, "But... this was my last day before retirement..."
The centaur shoots an arrow.
The arrow hits you.
* * * LOW HITPOINT WARNING * * *
The centaur shoots an arrow.
The arrow hits you but does no damage.
You feel your strength returning.
You feel your intelligence returning.
Your base Axes skill increases to level 4!
Your Evocations skill increases to level 1!
Unknown command.
It was a potion of heal wounds.
You feel much better.
The orc priest calls down the wrath of Beogh upon you.
Beogh smites you!
* * * LOW HITPOINT WARNING * * *
The centaur shoots an arrow.
The arrow hits you.
* * * LOW HITPOINT WARNING * * *
The centaur reads a scroll.
Wisps of shadow swirl around the centaur.
The orc priest mumbles some strange prayers to Beogh against you.
Pain shoots through your body!
You die...
Your body rises from the dead as a mindless zombie.

#.#####.##PPPPP≈P♣≈≈≈#
#.#...#.####P≈P.PPP≈.#
#.#.#.#.# ############
#.#.#<#.# #.............
####.#.###'###.............
#........o.................
.
#.##.#.##..................
#
#.##.#.##..................
#.##.#.##.....o.@..........
#.##.#.##..................
#.##.#.#######.............
#.##.#.# #.<......c....
#.##.#.## #........Z....
#.# #..# ###o............
#.## #..# #..o............
#.##.#..####.#.############
#.# ..........#


You could see a centaur, an orc priest, 3 orcs and a howler monkey zombie
(summoned).

Vanquished Creatures
  Harold (D:8)
  Pikel (D:6)
  A manticore (D:6)
  Joseph (D:8)
  Prince Ribbit (D:6)
  A wraith (D:6)
  Sigmund (D:6)
  A yak (D:5)
  A steam dragon (D:8)
  A water moccasin (D:6)
  An ice beast (D:7)
  Purgy (D:4)
  2 sky beasts
  A necrophage (D:6)
  2 ogres
  A centaur (D:8)
  3 lemures (D:6)
  A bullfrog (D:4)
  A scorpion (D:7)
  A wyvern skeleton (D:7)
  5 wights (D:8)
  A jelly (D:6)
  An electric eel (D:8)
  3 gnoll shamans
  3 hounds
  An iguana (D:5)
  A killer bee zombie (D:6)
  A howler monkey skeleton (D:7)
  3 adders
  10 gnolls
  A shadow imp (D:7)
  2 ufetubi
  An adder skeleton (D:5)
  2 worms
  A dart slug (D:2)
  An orc (D:4)
  13 ball pythons
  6 bats
  9 endoplasms
  2 giant cockroaches
  9 goblins
  8 hobgoblins
  2 jackals (D:2)
  3 quokkas
  6 frilled lizards
  6 kobolds
  4 rats
129 creatures vanquished.

Vanquished Creatures (collateral kills)
  3 yaks (D:5)
  A hornet zombie (D:7)
  A centaur (D:5)
  A phantom (D:5)
  A kobold brigand (D:7)
  A scorpion (D:5)
  A wyvern skeleton (D:7)
  A water moccasin skeleton (D:5)
  An orc priest (D:4)
  2 jellies
  A killer bee zombie (D:8)
  A gnoll (D:7)
  2 worms
  2 orcs
  A ball python (D:4)
  A bat (D:3)
  A goblin (D:3)
  A hobgoblin (D:3)
  3 kobolds
26 creatures vanquished.

Vanquished Creatures (others)
  A water moccasin zombie (D:6)
  2 ball python zombies (D:4)
  A bullfrog zombie (D:4)
  2 gnoll skeletons (D:5)
  A gnoll zombie (D:6)
  A hound zombie (D:6)
  2 human zombies
  A kobold zombie (D:6)
  An ogre zombie (D:5)
  A sky beast zombie (D:8)
  9 plants (D:8)
22 creatures vanquished.

Grand Total: 177 creatures vanquished

Notes
Turn   | Place    | Note
-------+----------+-------------------------------------------
     0 | D:5      | cbfl8 the Minotaur Delver began the quest for the Orb.
     0 | D:5      | Reached XP level 1. HP: 19/19 MP: 0/0
    13 | D:5      | Noticed an ogre
    14 | D:5      | Noticed a scorpion
    25 | D:6      | Noticed a yak
    25 | D:6      | Noticed a yak
    25 | D:6      | Noticed a yak
    26 | D:6      | Noticed a yak
   174 | D:5      | Found a staircase to the Ecumenical Temple.
   199 | Temple   | Entered the Ecumenical Temple
   235 | Temple   | Became a worshipper of Yredelemnul the Dark
   341 | D:5      | Noticed a gnoll shaman
   352 | D:4      | Reached XP level 2. HP: 15/27 MP: 1/1
   631 | D:2      | Reached skill level 1 in Armour
   794 | D:1      | Reached XP level 3. HP: 32/33 MP: 2/2
  1208 | D:1      | Reached * piety under Yredelemnul
  1619 | D:1      | Reached skill level 2 in Armour
  1760 | D:2      | Reached XP level 4. HP: 37/40 MP: 3/3
  1779 | D:2      | Found a hide-covered altar of Uskayaw.
  3737 | D:4      | Noticed a bullfrog
  3742 | D:4      | Killed a bullfrog
  3743 | D:4      | Reached skill level 5 in Stealth
  3743 | D:4      | Reached XP level 5. HP: 45/46 MP: 4/4
  4332 | D:4      | Reached skill level 3 in Armour
  4332 | D:4      | Reached skill level 1 in Invocations
  4503 | D:4      | Noticed Purgy
  4517 | D:4      | Killed Purgy
  4518 | D:4      | Reached skill level 1 in Shields
  4518 | D:4      | Reached XP level 6. HP: 51/52 MP: 4/6
  4882 | D:4      | Reached ** piety under Yredelemnul
  5124 | D:5      | Reached skill level 4 in Armour
  5687 | D:5      | Reached skill level 1 in Short Blades
  5687 | D:5      | Reached skill level 5 in Armour
  5689 | D:5      | Reached XP level 7. HP: 33/59 MP: 7/7
  6281 | D:5      | Killed a yak
  6282 | D:5      | Reached skill level 6 in Armour
  6332 | D:5      | Killed a yak
  6338 | D:5      | Killed a yak
  6629 | D:5      | Killed a yak
  6630 | D:5      | Reached XP level 8. HP: 59/67 MP: 9/9
  6850 | D:6      | Reached skill level 7 in Armour
  6926 | D:6      | Noticed Pikel
  6959 | D:6      | Killed Pikel
  6960 | D:6      | Reached skill level 5 in Fighting
  6960 | D:6      | Reached skill level 5 in Shields
  6990 | D:6      | Found a glowing golden altar of the Shining One.
  7128 | D:6      | Noticed Prince Ribbit
  7174 | D:6      | Your ally Pikel died
  7476 | D:6      | Noticed Sigmund
  7490 | D:6      | Killed Sigmund
  7491 | D:6      | Reached skill level 1 in Maces & Flails
  7564 | D:6      | Noticed a manticore
  7565 | D:6      | Found a sacrificial altar of Ru.
  7572 | D:6      | Your ally Sigmund died
  7659 | D:6      | Killed a manticore
  7660 | D:6      | Reached skill level 8 in Armour
  7660 | D:6      | Reached XP level 9. HP: 12/74 MP: 10/10
  7904 | D:6      | Found an ancient bone altar of Kikubaaqudgha.
  8194 | D:6      | Killed Prince Ribbit
  8598 | D:7      | Found Zarghutwi's Jewellery Shoppe.
  9645 | D:7      | Reached *** piety under Yredelemnul
  9646 | D:7      | Reached skill level 5 in Maces & Flails
 10111 | D:8      | Noticed Joseph
 10146 | D:8      | Killed Joseph
 10490 | D:8      | Reached skill level 9 in Armour
 10519 | D:8      | Your ally Joseph died
 10628 | D:8      | Noticed Maggie
 10628 | D:8      | Noticed Harold
 11089 | D:8      | Noticed a boulder beetle
 11108 | D:8      | Learned a level 3 spell: Vampiric Draining
 11119 | D:8      | Reached XP level 10. HP: 57/83 MP: 4/12
 11145 | D:8      | HP: 1/83 [orc priest/nerve-wracking pain (5)]
 12039 | D:8      | Killed Harold
 12040 | D:8      | Reached skill level 1 in Evocations
 12041 | D:8      | Killed from afar by an orc priest

Illustrated notes

Levels and vault maps discovered:
D:1:      dpeg_arrival_tiny_a, layout_basic
D:2:      cheibrodos_old_hovel, layout_basic, basic_altar
D:3:      layout_rooms
D:4:      layout_basic, uniq_purgy
D:5:      layout_layer_cave, temple_statues
D:6:      minmay_cornered_nines, layout_gridville, tso_metal_star,
          chequers_temple_overflow_statue_of_worship, serial_co_window_serial,
          co_window_paths_a, co_window_corner_a, co_window_of_opportunity_a,
          co_window_paths_a, co_window_paths_b, co_window_paths_a,
          co_window_cross_1, co_window_cross_1, co_window_paths_a,
          co_window_of_opportunity_b, co_window_broadway_b,
          co_window_broadway_b, co_window_paths_d, glass_columns_a,
          glass_columns_a, glass_columns_a, glass_columns_a, uniq_pikel,
          uniq_sigmund, uniq_prince_ribbit1
D:7:      layout_layer_cave, serial_shops, nicolae_shop_statue_plus,
          chequers_serial_rivers_micro_b
D:8:      layout_basic, kennysheep_another_room, serial_bayou_lagoon_a,
          minivault_1, minmay_misc_feat_cross, uniq_maggie, uniq_joseph,
          uniq_harold
Temple:   kb_temple_of_zot

Skill      XL: |  1  2  3  4  5  6  7  8  9 10 |
---------------+-------------------------------+-----
Armour         | 1 2 3 5 6 8 9 |  9.4
Fighting       | 4 5 6 |  6.3
Axes           | 3 4 |  4.7
Stealth        | 5 |  5.0
Invocations    | 1 2 3 4 |  4.5
Shields        | 1 3 6 8 |  8.7
Short Blades   | 1 2 3 |  3.4
Dodging        | 3 4 |  4.2
Maces & Flails | 2 5 |  5.7
Evocations     | 1 |  1.1

Action                   |  1- 3 |  4- 6 |  7- 9 | 10-12 || total
-------------------------+-------+-------+-------+-------++-------
Melee: Hand axe          |    78 |    30 |       |       ||   108
       Headbutt          |    20 |    24 |    81 |     6 ||   131
       Dagger            |       |    96 |   110 |       ||   206
       Whip              |       |       |   199 |       ||   199
       Battleaxe         |       |       |    10 |    25 ||    35
Invok: Animate Remains   |       |    19 |    11 |       ||    30
       Recall Undead Sla |       |       |     4 |       ||     4
       Injury Mirror     |       |       |     4 |       ||     4
       Animate Dead      |       |       |     3 |       ||     3
Evoke: Wand              |       |       |     4 |    10 ||    14
  Use: Potion            |       |     1 |     4 |     4 ||     9
       Scroll            |       |       |     3 |     3 ||     6
 Stab: Sleeping          |     6 |       |       |       ||     6
       Distracted        |       |     2 |     1 |       ||     3
Armor: Leather armour    |    26 |       |       |       ||    26
       Chain mail        |     6 |   109 |   216 |    23 ||   354
       Skin              |       |       |     7 |     8 ||    15
Dodge: Dodged            |    67 |    33 |    67 |    10 ||   177
Block: Tower shield      |       |    88 |   329 |       ||   417
